 Dungeon Crawl Stone Soup version 0.24.0-1-gfbc8707 (webtiles) character file.

Game seed: 13850585793914749531, levelgen mode: deterministic

1833 MacrostheBlack the Digger (level 8, -16/58 HPs)
             Began as a Vampire Earth Elementalist on Nov 7, 2019.
             Was a Follower of Kikubaaqudgha.
             Killed from afar by a steam dragon (24 damage)
             ... with a ball of steam
             ... on level 7 of the Dungeon.
             The game lasted 00:27:20 (4892 turns).

MacrostheBlack the Digger (VpEE)                    Turns: 4892, Time: 00:27:20

Health: -16/58     AC:  6    Str:  9    XL:     8   Next: 86%
Magic:  14/16      EV: 15    Int: 19    God:    Kikubaaqudgha [*.....]
Gold:   247        SH:  0    Dex: 15    Spells: 9/18 levels left

rFire    . . .     SeeInvis +   r - +8 hand axe "Puhisil" {chop, rElec rC+ rN+}
rCold    + . .     Gourm    .   (no shield)
rNeg     + . .     Faith    .   c - +0 robe
rPois    .         Spirit   .   (no helmet)
rElec    +         Reflect  .   m - +0 cloak
rCorr    .         Harm     .   e - +0 pair of gloves
MR       .....                  F - +1 pair of boots
Stlth    +++.......             (no amulet)
HPRegen  0.39/turn              t - +2 ring of slaying
MPRegen  0.15/turn              (no ring)

@: regenerating quickly
A: no food, fangs 3, hooves 1, see invisible, strong 1, unbreathing
a: Exsanguinate, Receive Corpses, Renounce Religion


You were on level 7 of the Dungeon.
You worshipped Kikubaaqudgha.
Kikubaaqudgha was aware of your devotion.
You were alive.

You visited 2 branches of the dungeon, and saw 8 of its levels.

You collected 247 gold pieces.

Inventory:

Hand Weapons
 a - a +0 antimagic long sword
 f - a +3 short sword
 r - the +8 hand axe "Puhisil" (weapon) {chop, rElec rC+ rN+}
   (You found it on level 4 of the Dungeon)

   It inflicts extra damage upon your enemies.
   It protects you from cold.
   It insulates you from electricity.
   It protects you from negative energy.
 D - a cursed -1 hunting sling
Missiles
 b - 191 stones (quivered)
 k - 12 poisoned darts
Armour
 c - a +0 robe (worn)
 e - a +0 pair of gloves (worn)
 h - a +0 buckler
 m - a +0 cloak (worn)
 C - the +1 ring mail of Fortification {rCorr}
   (You found it on level 5 of the Dungeon)

   It provides partial protection from all sources of acid and corrosion.
 F - a +1 pair of boots (worn)
Jewellery
 t - a +2 ring of slaying (left hand)
Scrolls
 d - 5 scrolls of teleportation
 i - 5 scrolls of identify
 j - a scroll of random uselessness {unknown}
 o - 2 scrolls of remove curse
 q - 2 scrolls of fog {unknown}
 x - a scroll of amnesia {unknown}
 y - a scroll of fear {unknown}
 B - a scroll of noise {unknown}
 E - a scroll of enchant weapon {unknown}
Potions
 l - a potion of cancellation
 n - 2 potions of mutation
 p - a potion of curing
 s - 2 potions of haste {unknown}
 u - 2 potions of brilliance
 v - a potion of might
 w - a potion of degeneration {unknown}
 z - 3 potions of lignification {unknown}
 A - a potion of agility {unknown}
 G - a potion of resistance {unknown}


   Skills:
 + Level 3.2 Fighting
 + Level 0.9 Armour
 + Level 4.8 Dodging
 + Level 5.2 Stealth
 - Level 0.4 Unarmed Combat
 * Level 5.8 Spellcasting
 + Level 1.4 Conjurations
 * Level 4.8 Necromancy
   Level 1.1 Transmutations
 + Level 6.0 Earth Magic


You had 9 spell levels left.
You knew the following spells:

 Your Spells              Type           Power        Failure   Level  Hunger
a - Sandblast             Erth           ####..       1%          1    N/A
b - Stone Arrow           Conj/Erth      ###...       8%          3    N/A
c - Pain                  Necr           ###.         1%          1    N/A
d - Vampiric Draining     Necr           ###.......   4%          3    N/A
e - Animate Skeleton      Necr           N/A          1%          1    N/A

Your spell library contained the following spells:

 Spells                   Type           Power        Failure   Level  Hunger
 Sublimation of Blood     Necr           ###.......   2%          2    N/A
 Passwall                 Tmut/Erth      ###.....     4%          2    N/A
 Petrify                  Tmut/Erth      ###.....     26%         4    N/A
 Lee's Rapid Deconstruct  Erth           ####......   26%         5    N/A

Dungeon Overview and Level Annotations

Branches:
Dungeon (7/15)             Temple (1/1) D:5

Altars:
Ashenzari
Cheibriados
Dithmenos
Gozag
Hepliaklqana
Kikubaaqudgha
Nemelex Xobeh
Okawaru
Ru
Trog
Vehumet
Wu Jian
Yredelemnul
Zin
Lugonu

Shops:
D:4 :


Innate Abilities, Weirdness & Mutations

You do not eat.
Your natural rate of healing is unusually fast.
You have razor-sharp teeth.
You have supernaturally acute eyesight. (SInv)
You can survive without breathing.
You have large cloven feet.
Your muscles are strong. (Str +2)


Message History

The ball of steam hits you!
The steam dragon bites something.
The steam dragon claws something.
You hear an angry hiss.
The steam dragon breathes steam at you.
The ball of steam hits the steam dragon!
The steam dragon resists.
The ball of steam hits you!!
* * * LOW HITPOINT WARNING * * *
There is a stone staircase leading up, spattered with blood here.
The steam dragon bites you.
* * * LOW HITPOINT WARNING * * *
The steam dragon claws you.
* * * LOW HITPOINT WARNING * * *
The steam dragon breathes steam at you.
The ball of steam hits the steam dragon!
The steam dragon resists.
The steam dragon dies!
Your Earth Magic skill increases to level 6!
The ball of steam hits you!!
You die...
Kikubaaqudgha rasps: "You have failed me!
Welcome... death!"

#. $#### #. ....# P..###
#. ...# ≈....# #.#####..#
....P## #........#
....≈P# ####.(.....#
....^P#
######..........## P≈.P≈#
#...........†.§§D##§≈..P#
#.......<....@#§§..#
#.........#####.§§.#
#................§.#
#............§§§...#
######+#####.§.....#
........## #.§.######
#... #.#


There were no monsters in sight!

Vanquished Creatures
  Grinder (D:5)
  Prince Ribbit (D:5)
  Sigmund (D:3)
  Eustachio (D:4)
  An ogre (D:4)
  A centaur (D:6)
  Blork the orc (D:5)
  A bullfrog (D:5)
  A gnoll sergeant (D:5)
  A scorpion (D:6)
  5 killer bees
  3 crimson imps
  A howler monkey (D:4)
  A hound (D:6)
  A bullfrog skeleton (D:5)
  2 iguanas
  3 worker ants
  A hound zombie (D:6)
  3 gnolls (D:5)
  3 adders
  A shadow imp (D:6)
  2 dart slugs
  2 leopard geckos
  15 orcs
  11 bats
  3 bat zombies (D:2)
  4 giant cockroaches
  4 goblins
  A hobgoblin (D:1)
  2 jackals (D:4)
  A quokka (D:5)
  A ball python (D:3)
  3 frilled lizards
  A jackal skeleton (D:4)
  7 kobolds
  A leopard gecko skeleton (D:4)
  9 rats
  3 rat zombies (D:2)
  A spectral orc (D:5)
105 creatures vanquished.

Vanquished Creatures (collateral kills)
  A hound skeleton (D:6)
1 creature vanquished.

Vanquished Creatures (others)
  A steam dragon (D:7)
  A fungus (D:7)
2 creatures vanquished.

Grand Total: 108 creatures vanquished

Notes
Turn   | Place    | Note
-------+----------+-------------------------------------------
     0 | D:1      | MacrostheBlack the Vampire Earth Elementalist began the
                  | quest for the Orb.
     0 | D:1      | Reached XP level 1. HP: 13/13 MP: 3/3
   171 | D:1      | Reached XP level 2. HP: 19/19 MP: 1/5
   340 | D:1      | You fall into a shaft and drop 1 floor!
   350 | D:2      | Found a hazy altar of Hepliaklqana.
   546 | D:2      | Reached XP level 3. HP: 24/24 MP: 2/6
   730 | D:2      | Found an ancient bone altar of Kikubaaqudgha.
   738 | D:2      | Became a worshipper of Kikubaaqudgha
   743 | D:2      | Learned a level 3 spell: Stone Arrow
   902 | D:2      | Found an iron altar of Okawaru.
  1544 | D:3      | Noticed Sigmund
  1894 | D:4      | Found Kulimoig's Book Shoppe.
  1951 | D:4      | Got a crude hand axe
  1952 | D:4      | Identified the +8 hand axe "Puhisil" {chop, rElec rC+ rN+}
                  | (You found it on level 4 of the Dungeon)
  1958 | D:4      | Reached skill level 4 in Earth Magic
  1958 | D:4      | Reached XP level 4. HP: 30/30 MP: 8/8
  2177 | D:4      | Noticed an ogre
  2192 | D:4      | Killed an ogre
  2192 | D:4      | Reached skill level 1 in Necromancy
  2192 | D:4      | Reached XP level 5. HP: 11/36 MP: 5/10
  2279 | D:4      | Noticed Eustachio
  2318 | D:4      | Killed Eustachio
  2318 | D:4      | Reached skill level 1 in Fighting
  2318 | D:4      | Reached XP level 6. HP: 42/43 MP: 8/11
  2354 | D:4      | Found a sacrificial altar of Ru.
  2556 | D:5      | Entered Level 5 of the Dungeon
  2588 | D:5      | Noticed Prince Ribbit
  2601 | D:5      | Killed Prince Ribbit
  2601 | D:5      | Reached XP level 7. HP: 26/49 MP: 8/13
  2722 | D:5      | Found a staircase to the Ecumenical Temple.
  2729 | D:5      | Reached skill level 5 in Earth Magic
  2759 | D:5      | Noticed Grinder
  2761 | D:5      | Paralysed by Grinder for 3 turns
  2768 | D:5      | Killed Grinder
  2768 | D:5      | Reached * piety under Kikubaaqudgha
  2768 | D:5      | Identified Kikubaaqudgha's Reference Book on Unholy Secrets
                  | (Kikubaaqudgha gifted it to you on level 5 of the Dungeon)
  2768 | D:5      | Received a gift from Kikubaaqudgha
  2774 | D:5      | Learned a level 1 spell: Pain
  2778 | D:5      | Learned a level 3 spell: Vampiric Draining
  2780 | D:5      | Learned a level 1 spell: Animate Skeleton
  2822 | Temple   | Entered the Ecumenical Temple
  3061 | D:5      | Got a translucent ring mail
  3072 | D:5      | Identified the +1 ring mail of Fortification {rCorr} (You
                  | found it on level 5 of the Dungeon)
  3152 | D:5      | Reached skill level 5 in Spellcasting
  3245 | D:5      | Reached XP level 8. HP: 54/57 MP: 15/15
  3263 | D:5      | Noticed Blork the orc
  3346 | D:5      | Killed Blork the orc
  3421 | D:5      | Found a basalt altar of Yredelemnul.
  3516 | D:3      | Killed Sigmund
  3686 | D:6      | Reached skill level 1 in Conjurations
  4172 | D:6      | Found a shattered altar of Ashenzari.
  4665 | D:6      | Found a bloodstained altar of Trog.
  4665 | D:6      | Found a radiant altar of Vehumet.
  4717 | D:6      | Gained mutation: Your muscles are strong. (Str +2) [potion
                  | of mutation]
  4717 | D:6      | Gained mutation: You have large cloven feet. [potion of
                  | mutation]
  4727 | D:6      | Reached skill level 5 in Stealth
  4745 | D:7      | Got an ancient morningstar
  4860 | D:6      | Identified the +1 morningstar of Unreason {drain, -Tele
                  | +Inv MP+9 Str-5} (You found it on level 7 of the Dungeon)
  4892 | D:7      | Reached skill level 6 in Earth Magic
  4892 | D:7      | Killed from afar by a steam dragon

Levels and vault maps discovered:
D:1:      matt_arrival_spirals, layout_loops_ring
D:2:      layout_basic, okawaru_metal_pillars_1_2,
          lemuel_zombie_altar_kikubaaqudgha, lemuel_coloured_pillars_altar,
          corexii_leaking_fountain, minmay_misc_feat_iff
D:3:      layout_rooms, first_ration, kennysheep_pointless_box, uniq_sigmund
D:4:      layout_rooms, serial_shops, shop_statue, hangedman_ru_absence,
          uniq_eustachio
D:5:      layout_basic, yredelemnul_forgotten_temple_becter, temple_pool_b,
          uniq_blork_the_orc, uniq_prince_ribbit1, uniq_grinder
D:6:      layout_basic, evilmike_ruin_ashenzari,
          gammafunk_temple_overflow_elements
D:7:      kennysheep_steamy, layout_basic, tso_metal_star,
          overflow_temple_1_default, fedhas_altar_3, the_bakery, st_stairs_10,
          grunt_dithmenos_smoke
Temple:   corrupted_temple

Skill      XL: |  1  2  3  4  5  6  7  8 |
---------------+-------------------------+-----
Earth Magic    | 4 5 6 |  6.0
Spellcasting   | 3 4 5 |  5.8
Necromancy     | 1 2 3 4 |  4.8
Fighting       | 1 2 3 |  3.2
Dodging        | 3 4 |  4.8
Stealth        | 4 5 |  5.2
Conjurations   | 1 |  1.4
Armour         | |  0.9
Unarmed Combat | |  0.4
Transmutations | |  1.1

Action                   |  1- 3 |  4- 6 |  7- 9 || total
-------------------------+-------+-------+-------++-------
Melee: Unarmed           |     8 |       |       ||     8
       Dagger            |     8 |       |       ||     8
       Short sword       |    62 |       |       ||    62
       Bite              |     3 |     2 |     4 ||     9
       Hand axe          |     1 |    48 |    83 ||   132
 Cast: Sandblast         |    17 |    10 |    22 ||    49
       Pain              |       |       |    11 ||    11
       Animate Skeleton  |       |       |     8 ||     8
       Vampiric Draining |       |       |     2 ||     2
Invok: Receive Corpses   |       |       |     2 ||     2
  Use: Scroll            |     3 |     3 |       ||     6
       Potion            |       |       |     3 ||     3
 Stab: Sleeping          |    19 |     2 |     6 ||    27
       Invisible         |       |       |     1 ||     1
Armor: Robe              |    16 |    14 |    28 ||    58
Dodge: Dodged            |    65 |    34 |   106 ||   205
